 Dungeon Crawl Stone Soup version 0.29-a0-284-gf9362112df (webtiles) character file.

Game seed: 15139963072428518466

37 bande the Covered (level 3, -2/24 HPs)
             Began as a Gargoyle Fighter on Mar 14, 2022.
             Slain by a phantom (5 damage)
             ... on level 2 of the Dungeon on Mar 15, 2022.
             The game lasted 00:03:07 (1244 turns).

bande the Covered (Gargoyle Fighter)                Turns: 1244, Time: 00:03:07

Health: -2/24      AC: 10    Str: 19    XL:     3   Next: 41%
Magic:  3/3        EV:  9    Int:  8    God:
Gold:   14         SH:  4    Dex: 11    Spells: 2/2 levels left

rFire   . . .      SeeInvis .   a - +0 war axe
rCold   . . .      Faith    .   c - +0 buckler
rNeg    + . .      Spirit   .   b - +0 scale mail
rPois   ∞          Reflect  .   (no helmet)
rElec   +          Harm     .   (no cloak)
rCorr   .          Rampage  .   (no gloves)
Will    .....                   (no boots)
Stlth   ..........              (no amulet)
HPRegen 0.08/turn               (no ring)
MPRegen 0.08/turn               (no ring)

@: no status effects
A: sickness immunity, AC +3, negative energy resistance 1, electricity
resistance, torment resistance 1, petrification resistance
a: no special abilities


You were on level 2 of the Dungeon.
You visited 1 branch of the dungeon, and saw 2 of its levels.

You collected 14 gold pieces.

Inventory:

Hand Weapons
 a - a +0 war axe (weapon)
Armour
 b - a +0 scale mail (worn)
 c - a +0 buckler (worn)
Scrolls
 g - 2 scrolls of enchant weapon {unknown}
 i - 3 scrolls of identify {unknown}
 j - a scroll of immolation {unknown}
 l - a scroll of vulnerability {unknown}
Potions
 d - a potion of might
 e - 3 potions of berserk rage {unknown}
 f - a potion of attraction {unknown}
 h - a potion of mutation {unknown}
 k - a potion of magic {unknown}
 m - a potion of degeneration {unknown}


   Skills:
 + Level 3.7 Fighting
 + Level 2.2 Axes
 + Level 3.8 Armour
 + Level 3.5 Shields


You had 2 spell levels left.
You didn't know any spells.
Your spell library was empty.

Dungeon Overview and Level Annotations

Branches:
Dungeon (2/15)

Altars:


Innate Abilities, Weirdness & Mutations

You are immune to sickness and miasma.
Your stone body is resilient. (AC +3)
You are immune to poison.
You resist negative energy. (rN+)
You are resistant to electric shocks. (rElec)
You are resistant to unholy torment.
You are immune to petrification.


Message History

You closely miss the phantom.
The phantom hits you but does no damage.
You hit the phantom but do no damage. The phantom hits you.
The phantom blinks!
You blink.
A bat comes into view.
Found 13 gold pieces.
Found a stone staircase leading down.
You block the phantom's attack.
You barely miss the phantom. The phantom hits you.
You barely miss the phantom. The phantom hits you.
The phantom blinks!
You blink.
The phantom hits you.
You miss the phantom.
The phantom hits you but does no damage.
You barely miss the phantom. The bat hits you but does no damage. x2
The phantom hits you.
* * * LOW HITPOINT WARNING * * *
The phantom blinks!
You blink.
You are too injured to fight recklessly!
You are too injured to fight recklessly!
You are too injured to fight recklessly!
You are too injured to fight recklessly!
You are too injured to fight recklessly!
You are too injured to fight recklessly!
You are too injured to fight recklessly!
You are too injured to fight recklessly!
You are too injured to fight recklessly!
You are too injured to fight recklessly!
You are too injured to fight recklessly!
You slash the phantom!
The phantom is heavily damaged.
The phantom hits you but does no damage.
You block the phantom's attack.
You miss the phantom.
The phantom is heavily damaged.
The phantom barely misses you.
You slash the phantom!
The phantom is severely damaged.
The bat closely misses you. x2; The phantom hits you.
* * * LOW HITPOINT WARNING * * *
The phantom hits you.
You die...

# #.#### #..@W# #.##.#
# #.# #b# #######.####
.......!...############
#######................
##..#..###########
.......§>#


You could see a phantom and a bat.

Vanquished Creatures
  A dart slug (D:1)
  A worm (D:2)
  A ball python (D:1)
  6 bats (D:1)
  4 endoplasms (D:1)
  3 goblins (D:1)
  7 hobgoblins
  2 quokkas (D:1)
  A frilled lizard (D:2)
  A rat (D:1)
27 creatures vanquished.

Notes
Turn   | Place    | Note
-------+----------+-------------------------------------------
     0 | D:1      | bande the Gargoyle Fighter began the quest for the Orb.
     0 | D:1      | Reached XP level 1. HP: 14/14 MP: 1/1
    80 | D:1      | Reached XP level 2. HP: 10/19 MP: 2/2
   428 | D:1      | Upgraded the game from 0.29-a0-283-ga02f740833 to
                  | 0.29-a0-284-gf9362112df
   607 | D:1      | Reached XP level 3. HP: 24/24 MP: 3/3
  1229 | D:2      | Noticed a phantom
  1244 | D:2      | Slain by a phantom

Illustrated notes

Levels and vault maps discovered:
D:1:      tarquinn_simple_flora_water_b, layout_basic
D:2:      layout_basic, roderic_roman_lattice, uniq_robin

Skill      XL: |  1  2 |
---------------+-------+-----
Axes           | 2 |  2.2
Fighting       | |  3.7
Armour         | |  3.8
Shields        | |  3.5

Action                   || total
-------------------------++-------
Melee: War axe           ||    85
Armor: Scale mail        ||    48
Dodge: Dodged            ||    58
Block: Buckler           ||    16

Table legend: (Time is in decaauts)
 A = Elapsed time spent in this place.
 B = Non-inter-level travel time spent in this place.
 C = Inter-level travel time spent in this place.
 D = Time resting spent in this place.
 E = Time spent auto-exploring this place.
 F = Levels seen in this place.
 G = Mean time per level.
                   A        B        C        D        E       F      G
               +--------+--------+--------+--------+--------+-----+--------+
         Total |   1280 |   1264 |     16 |    245 |    765 |   2 |  640.0 |
       Dungeon |   1280 |   1264 |     16 |    245 |    765 |   2 |  640.0 |
               +--------+--------+--------+--------+--------+-----+--------+

Top non-repeatable levels by time:
     D:1: 1072 daAuts
     D:2: 208 daAuts
